 Dungeon Crawl Stone Soup version 0.20.1-1-g8b1a95d (webtiles) character file.

15418 Kosschaser the Severer (level 12, -2/110 HPs)
             Began as a Hill Orc Berserker on July 8, 2017.
             Was an Elder of Trog.
             Slain by a 16-headed hydra (7 damage)
             ... on level 1 of the Lair of Beasts.
             The game lasted 00:43:29 (11783 turns).

Kosschaser the Severer (Hill Orc Berserker)        Turns: 11783, Time: 00:43:31

Health: -2/110     AC: 28    Str: 27    XL:     12   Next: 26%
Magic:  12/12      EV:  7    Int:  9    God:    Trog [****..]
Gold:   1364       SH: 15    Dex: 17    Spells: 11/11 levels left

rFire    . . .     SeeInvis .   k - +3 hand axe of Res Nullius {venom, +Rage rPois Str+6 Dex+3} (curse)
rCold    . . .     Gourm    .   p - +0 shield
rNeg     . . .     Faith    .   R - +2 plate armour {MR+}
rPois    +         Spirit   .   (no helmet)
rElec    +         Reflect  +   H - +2 cloak
rCorr    .         Harm     .   V - +2 pair of gloves
MR       ++...     Clarity  +   X - +2 pair of boots Stlth ..........Rnd*Tele +
                                e - +6 amulet of reflection
Regen    0.3/turn               v - ring of protection from magic
MPRegen  0.2/turn               m - ring of poison resistance

@: about to teleport, berserk cooldown, slowed, very slow
A: claws 2, blurry vision 2, clarity, clever 1, shaggy fur 1, electricity
resistance, teleportitis 1, evolution 1
a: Berserk, Trog's Hand, Brothers in Arms, Burn Spellbooks, Renounce Religion,
Evoke Berserk Rage


You were on level 1 of the Lair of Beasts.
You worshipped Trog.
Trog was greatly pleased with you.
You were not hungry.

You visited 3 branches of the dungeon, and saw 14 of its levels.
You also visited: Bailey.

You collected 1429 gold pieces.
You spent 65 gold pieces at shops.

Inventory:

Hand Weapons
 a - a +4 battleaxe of chopping
 k - the cursed +3 hand axe of Res Nullius (weapon) {venom, +Rage rPois Str+6 Dex+3}
   (You found it on level 12 of the Dungeon)

   It poisons the flesh of those it strikes.
   It affects your strength (+6).
   It affects your dexterity (+3).
   It protects you from poison.
   It lets you go berserk.
   It has a curse placed upon it.
 B - a +0 war axe of freezing
Armour
 p - a +0 shield (worn)
 H - a +2 cloak (worn)
 R - a +2 plate armour of magic resistance (worn)
 V - a +2 pair of gloves (worn)
 X - a +2 pair of boots (worn)
Jewellery
 e - a +6 amulet of reflection (around neck)
 m - a ring of poison resistance (right hand)
 v - a ring of protection from magic (left hand)
 E - the amulet "Zunkenwo" {RegenMP rF- Int-2 Dex+7}
   (You found it in a bailey)

   [amulet of magic regeneration]

   It increases your magic regeneration.
   It affects your intelligence (-2).
   It affects your dexterity (+7).
   It makes you vulnerable to fire.
Wands
 i - a wand of iceblast (4/15)
 t - a wand of lightning (6/15)
 L - a wand of digging (10/24)
Scrolls
 d - 3 scrolls of recharging
 h - 4 scrolls of fear
 r - 2 scrolls of blinking
 s - 7 scrolls of teleportation
 w - 3 scrolls of identify
 A - 3 scrolls of enchant armour
 C - a scroll of remove curse
 G - a scroll of amnesia
 J - 4 scrolls of magic mapping
 P - a scroll of fog {unknown}
 Q - a scroll of torment {unknown}
 U - 2 scrolls of acquirement {unknown}
 W - a scroll of summoning {unknown}
Potions
 b - 2 potions of heal wounds {unknown}
 f - 2 potions of flight {unknown}
 g - 3 potions of haste {unknown}
 l - a potion of brilliance {unknown}
 o - 2 potions of degeneration {unknown}
 q - 4 potions of agility
 u - 6 potions of curing {unknown}
 x - a potion of magic {unknown}
 F - 5 potions of might {unknown}
 N - 2 potions of cancellation {unknown}
 O - a potion of lignification {unknown}
 S - a potion of resistance {unknown}
 T - 2 potions of berserk rage {unknown}
Books
 Z - a book of Fire

   Spells                             Type                      Level
   a - Ignite Poison                  Fire/Transmutation/Poison    3
   b - Fireball                       Conjuration/Fire             5
   c - Bolt of Fire                   Conjuration/Fire             6
   d - Ring of Flames                 Charms/Fire                  7
   e - Ignition                       Fire                         8
   Trog disapproves of the use of such an item.
Comestibles
 c - 11 bread rations
 j - 6 royal jellies
 n - 9 meat rations
 D - 4 fruits


   Skills:
 + Level 11.5 Fighting
 + Level 17.1 Axes
 + Level 10.3 Armour
 + Level 4.1 Dodging
 - Level 1.0 Stealth
 + Level 0.7 Shields


You had 11 spell levels left.
You didn't know any spells.

Dungeon Overview and Level Annotations

Branches:
Dungeon (12/15)            Temple (1/1) D:4            Lair (1/6) D:8
    Orc (0/2) D:9

Altars:
Ashenzari
Cheibriados
Dithmenos
Elyvilon
Fedhas
Gozag
Hepliaklqana
Kikubaaqudgha
Makhleb
Nemelex Xobeh
Okawaru
Qazlal
Ru
Sif Muna
Trog
Uskayaw
Vehumet
Xom
Yredelemnul
Zin
The Shining One

Shops:
D:10 ?


Innate Abilities, Weirdness & Mutations

You have very sharp fingernails.
Scrolls take you longer to read.
You possess an exceptional clarity of mind.
Your mind is acute. (Int +2)
You are covered in fur. (AC +1)
You are resistant to electric shocks. (rElec)
You are occasionally teleported next to monsters.
You evolve.


Message History

The 16-headed hydra closely misses you.
The 16-headed hydra bites you but does no damage.
The 16-headed hydra bites you!
* * * LOW HITPOINT WARNING * * *
The 16-headed hydra bites you but does no damage. x3
The 16-headed hydra barely misses you. x2
You block the 16-headed hydra's attack. The 16-headed hydra bites you.
* * * LOW HITPOINT WARNING * * *
The 16-headed hydra bites you!
* * * LOW HITPOINT WARNING * * *
As you read the scroll of teleportation, it crumbles to dust.
You feel strangely unstable.
The 16-headed hydra bites you but does no damage. x2
The 16-headed hydra bites you.
* * * LOW HITPOINT WARNING * * *
The 16-headed hydra bites you.
* * * LOW HITPOINT WARNING * * *
The 16-headed hydra bites you but does no damage. x2
The 16-headed hydra bites you!
You die...

### #
########.##################
........[..................
#..........................
#..................#####...
# .........@................
#P........D#######..#.......
##.P#.#...## #..#..###.P
...P..†#...# #..'..# ###
...........# #..#..# #P
...#...#..## #.....#####
..?....#..# ###..#.>.....
.......#..######.#...####.#.
...##..#....................


You could see a 16-headed hydra.

Vanquished Creatures
  Harold (D:12)
  4 two-headed ogres
  Nergalle (D:10)
  An unseen horror (D:11)
  Pikel (D:8)
  A cyclops (D:11)
  A centaur skeleton (D:12)
  A komodo dragon (D:8)
  Grinder (D:5)
  3 meliai (D:11)
  2 hippogriffs
  Sigmund (D:5)
  A shadow (D:12)
  A wraith (D:11)
  9 yaks
  An acid dragon (D:12)
  4 water moccasins
  A porcupine (Lair:1)
  An ice beast (D:8)
  3 orc warriors
  6 sky beasts
  A phantom (D:8)
  2 slaves (D:8)
  2 black bears
  An eye of draining (D:11)
  3 ogres
  2 necrophages (D:12)
  6 wolves (Lair:1)
  3 centaurs
  A crocodile (D:8)
  9 bullfrogs
  8 gnoll sergeants (Bailey)
  3 scorpions
  15 killer bees
  8 wights
  3 howler monkeys
  2 crimson imps
  3 jellies
  A bullfrog zombie (D:7)
  5 hounds
  6 gnoll shamans (Bailey)
  6 orc priests
  A quasit (D:10)
  Crazy Yiuf (D:5)
  2 bullfrog skeletons
  4 orc wizards
  4 iguanas
  Ijyb (D:5)
  An iron imp (D:6)
  5 worker ants
  2 hound skeletons (D:7)
  A howler monkey zombie (D:9)
  3 worker ant zombies
  18 gnolls
  7 adders
  A howler monkey skeleton (D:5)
  2 shadow imps
  An adder zombie (D:9)
  3 adder skeletons
  5 dart slugs
  4 leopard geckos
  21 orcs
  A ball python (D:6)
  5 giant cockroaches
  10 goblins
  8 hobgoblins
  17 jackals
  4 kobolds
  4 quokkas
  5 bats
  6 frilled lizards
  A leopard gecko skeleton (D:5)
  7 rats
  A plant (D:8)
291 creatures vanquished.

Vanquished Creatures (collateral kills)
  A hungry ghost (D:10)
1 creature vanquished.

Vanquished Creatures (others)
  A centaur (D:10)
  A plant (D:8)
2 creatures vanquished.

Grand Total: 294 creatures vanquished

Notes
Turn   | Place    | Note
-------+----------+-------------------------------------------
     0 | D:1      | Kosschaser the Hill Orc Berserker began the quest for the Orb.
     0 | D:1      | Reached XP level 1. HP: 19/19 MP: 1/1
   319 | D:1      | Reached XP level 2. HP: 27/27 MP: 2/2
   732 | D:1      | Reached XP level 3. HP: 28/33 MP: 3/3
   854 | D:1      | You fall through a shaft!
   964 | D:2      | Reached ** piety under Trog
   991 | D:2      | Reached skill level 5 in Axes
  1651 | D:3      | Found a stormy altar of Qazlal.
  1677 | D:3      | Reached XP level 4. HP: 38/41 MP: 4/4
  1960 | D:3      | Reached XP level 5. HP: 22/47 MP: 5/5
  2177 | D:3      | Reached skill level 6 in Axes
  2415 | D:4      | Reached XP level 6. HP: 55/55 MP: 6/6
  2428 | D:4      | Found a staircase to the Ecumenical Temple.
  2446 | D:4      | Reached skill level 5 in Fighting
  2460 | Temple   | Entered the Ecumenical Temple
  2941 | D:4      | Reached skill level 7 in Axes
  3257 | D:4      | Reached skill level 1 in Stealth
  3329 | D:5      | Entered Level 5 of the Dungeon
  3336 | D:5      | Reached XP level 7. HP: 61/61 MP: 7/7
  3365 | D:5      | Found a white marble altar of Elyvilon.
  3457 | D:5      | Noticed Ijyb
  3461 | D:5      | Paralysed by Ijyb for 3 turns
  3470 | D:5      | Paralysed by Ijyb for 5 turns
  3483 | D:5      | Killed Ijyb
  3483 | D:5      | Reached *** piety under Trog
  3535 | D:5      | Noticed Sigmund
  3535 | D:5      | Noticed Grinder
  3541 | D:5      | Reached skill level 8 in Axes
  3548 | D:5      | Killed Grinder
  3548 | D:5      | Reached skill level 9 in Axes
  3548 | D:5      | Reached XP level 8. HP: 43/70 MP: 8/8
  3556 | D:5      | Killed Sigmund
  3586 | D:5      | Gained mutation: You are covered in fur. (AC +1) [mutagenic meat]
  3588 | D:5      | Gained mutation: You have sharp toenails. [mutagenic meat]
  3589 | D:5      | Gained mutation: You evolve. [mutagenic meat]
  3590 | D:5      | Gained mutation: Your magical capacity is low. (-10% MP) [mutagenic meat]
  3591 | D:5      | Gained mutation: You possess an exceptional clarity of mind. [mutagenic meat]
  3701 | D:5      | Lost mutation: Your magical capacity is low. (-10% MP) [evolution]
  3954 | D:6      | Found a snail-covered altar of Cheibriados.
  4194 | D:6      | Reached skill level 5 in Armour
  4264 | D:6      | Reached skill level 10 in Axes
  4547 | D:6      | Found a deep blue altar of Sif Muna.
  4549 | D:6      | Found an iron altar of Okawaru.
  4562 | D:6      | Gained mutation: You have sharp fingernails. [evolution]
  4785 | D:5      | Found a runed door.
  5058 | D:5      | Reached XP level 9. HP: 79/79 MP: 9/9
  5138 | D:5      | Noticed Crazy Yiuf
  5142 | D:5      | Killed Crazy Yiuf
  5227 | D:7      | Found a shadowy altar of Dithmenos.
  5259 | D:7      | Reached skill level 11 in Axes
  5263 | D:7      | Gained mutation: You have very sharp fingernails. [mutagenic meat]
  5264 | D:7      | Gained mutation: You are dopey. (Int -2) [mutagenic meat]
  5683 | D:7      | Found a bloodstained altar of Trog.
  5793 | D:8      | Noticed a two-headed ogre
  5804 | D:8      | Killed a two-headed ogre
  5804 | D:8      | Reached skill level 12 in Axes
  5881 | D:8      | Found a shattered altar of Ashenzari.
  6095 | D:8      | Gained mutation: You are resistant to electric shocks. (rElec) [mutagenic meat]
  6145 | D:8      | Reached **** piety under Trog
  6195 | D:8      | Found a bloodstained altar of Trog.
  6272 | D:8      | Reached skill level 13 in Axes
  6373 | D:8      | Noticed Pikel
  6392 | D:8      | Killed Pikel
  6392 | D:8      | Reached XP level 10. HP: 68/88 MP: 10/10
  6423 | D:8      | Found a staircase to the Lair.
  6648 | D:9      | Found a staircase to the Orcish Mines.
  6712 | D:9      | Reached skill level 14 in Axes
  6904 | D:9      | Found a flagged portal.
  6920 | Bailey   | Entered a bailey
  7301 | Bailey   | Got a pitted steel amulet
  7305 | Bailey   | Identified the amulet "Zunkenwo" {RegenMP rF- Int-2 Dex+7} (You found it in a bailey)
  7386 | Bailey   | Identified the Reference Book on the Compass and Stones
  7617 | D:9      | Found a glowing silver altar of Zin.
  7717 | D:9      | Found a white marble altar of Elyvilon.
  7833 | D:9      | Found a radiant altar of Vehumet.
  8368 | D:10     | Entered Level 10 of the Dungeon
  8393 | D:10     | Reached skill level 15 in Axes
  8396 | D:10     | Reached XP level 11. HP: 97/97 MP: 11/11
  8537 | D:10     | Noticed a two-headed ogre
  8539 | D:10     | Noticed a two-headed ogre
  8545 | D:10     | Killed a two-headed ogre
  8548 | D:10     | Killed a two-headed ogre
  8553 | D:10     | Lost mutation: You have sharp toenails. [mutagenic meat]
  8554 | D:10     | Gained mutation: You are occasionally teleported next to monsters. [mutagenic meat]
  8555 | D:10     | Gained mutation: Scrolls take you a little longer to read. [mutagenic meat]
  8557 | D:10     | Gained mutation: You are weak. (Str -2) [mutagenic meat]
  8619 | D:10     | Found Duoxka Wikas's Magic Scroll Shop.
  8627 | D:10     | Bought a scroll of remove curse for 39 gold pieces
  8627 | D:10     | Bought a scroll of identify for 26 gold pieces
  8684 | D:10     | Reached skill level 10 in Fighting
  8696 | D:10     | Lost mutation: You are dopey. (Int -2) [mutagenic meat]
  8698 | D:10     | Gained mutation: Your mind is acute. (Int +2) [mutagenic meat]
  8719 | D:10     | Noticed Nergalle
  8729 | D:10     | Killed Nergalle
  9067 | D:10     | Lost mutation: You are weak. (Str -2) [evolution]
  9220 | D:11     | Noticed a cyclops
  9232 | D:11     | Killed a cyclops
  9232 | D:11     | Reached skill level 16 in Axes
  9923 | D:11     | Noticed a two-headed ogre
  9930 | D:11     | Killed a two-headed ogre
 10274 | D:12     | Noticed Harold
 10291 | D:12     | Killed Harold
 10291 | D:12     | Reached XP level 12. HP: 87/110 MP: 12/12
 10351 | D:12     | Reached skill level 10 in Armour
 10762 | D:12     | Got a smoking hand axe
 10763 | D:12     | Identified the cursed +3 hand axe of Res Nullius {venom, +Rage rPois Str+6 Dex+3} (You found it on level 12 of the Dungeon)
 10851 | D:11     | Reached skill level 17 in Axes
 11310 | D:8      | Gained mutation: Scrolls take you longer to read. [evolution]
 11315 | Lair:1   | Entered Level 1 of the Lair of Beasts
 11759 | Lair:1   | Noticed a four-headed hydra
 11783 | Lair:1   | HP: 5/110 [16-headed hydra (2)]
 11783 | Lair:1   | Slain by a 16-headed hydra

Skill      XL: |  1  2  3  4  5  6  7  8  9 10 11 12 |
---------------+-------------------------------------+-----
Fighting       | 4 5 7 8 9 11 | 11.5
Axes           | 5 6 7 9 10 13 15 16 17 | 17.1
Dodging        | 2 3 4 |  4.1
Armour         | 3 4 5 7 8 9 10 | 10.3
Stealth        | 1 |  1.0
Shields        | |  0.7

Action                   |  1- 3 |  4- 6 |  7- 9 | 10-12 || total
-------------------------+-------+-------+-------+-------++-------
Melee: Hand axe          |   113 |   139 |   116 |    68 ||   436
       War axe           |       |       |   156 |   352 ||   508
       Kick              |       |       |    64 |    58 ||   122
       Battleaxe         |       |       |       |    15 ||    15
Invok: Berserk           |       |     1 |     2 |     9 ||    12
       Trog's Hand       |       |     1 |     1 |     3 ||     5
       Burn Spellbooks   |       |       |     2 |     4 ||     6
       Brothers in Arms  |       |       |       |     2 ||     2
  Use: Scroll            |     3 |     3 |     4 |     8 ||    18
  Eat: Chunk             |     2 |     7 |    20 |    39 ||    68
Armor: Animal skin       |    30 |       |       |       ||    30
       Ring mail         |       |    42 |    27 |       ||    69
       Plate armour      |       |       |    94 |   294 ||   388
       Scale mail        |       |       |       |    28 ||    28
Dodge: Dodged            |    80 |    86 |    90 |   195 ||   451
Block: Other             |       |    27 |    77 |    20 ||   124
       Reflection        |       |       |     1 |     2 ||     3
       Shield            |       |       |       |    59 ||    59
